 Dungeon Crawl Stone Soup version 0.27.1-1-g398f81649c (webtiles) character file.

Game seed: 10972097415271931176

1899 Elvor the Cudgeller (level 8, 0/57 (67) HPs)
             Began as a Red Draconian Warper on Sept 8, 2021.
             Was a Priest of Okawaru.
             Slain by a wight (3 damage)
             ... on level 6 of the Dungeon.
             The game lasted 00:46:02 (4919 turns).

Elvor the Cudgeller (Red Draconian Warper)          Turns: 4919, Time: 00:46:03

HP:   0/57 (67)     AC:  6    Str: 15    XL:     8   Next: 93%
MP:   12/12         EV: 15    Int: 13    God:    Okawaru [***...]
Gold: 207           SH:  9    Dex: 12    Spells: 10/13 levels left

rFire    + + .     SeeInvis .   a - +0 mace
rCold    + . .     Faith    .   u - +0 kite shield
rNeg     . . .     Spirit   .   (armour unavailable)
rPois    .         Reflect  .   (helmet restricted)
rElec    .         Harm     .   t - scarf {rC+ rF+}
rCorr    .         Rampage  .   (no gloves)
Will     .....                  (no boots)
Stlth    +.........             l - amulet of regeneration
HPRegen  1.19/turn              n - +4 ring of evasion
MPRegen  0.13/turn              (no ring)

@: heavily drained
A: breathe fire, AC +6, unfitting armour, fire resistance 1, cold-blooded
a: Breathe Fire, Renounce Religion, Heroism


You were on level 6 of the Dungeon.
You worshipped Okawaru.
Okawaru was most pleased with you.
You visited 2 branches of the dungeon, and saw 7 of its levels.

You collected 207 gold pieces.

Inventory:

Hand Weapons
 a - a +0 mace (weapon)
 s - a +0 morningstar
 B - a +4 falchion
 C - a +3 hand axe
 D - a +0 war axe
Missiles
 e - 81 stones
 i - 49 sling bullets
 o - 38 bolts
 w - 4 javelins
 x - 9 poisoned darts (quivered)
Armour
 t - a scarf of resistance (worn)
 u - a +0 kite shield (worn)
Jewellery
 l - an amulet of regeneration (around neck)
 n - a +4 ring of evasion (left hand)
 v - an amulet of the acrobat
Wands
 c - a wand of digging (5)
 A - a wand of iceblast (6)
Scrolls
 d - a scroll of holy word {unknown}
 f - 3 scrolls of enchant weapon {unknown}
 g - a scroll of fear {unknown}
 h - 2 scrolls of enchant armour {unknown}
 j - 2 scrolls of teleportation {unknown}
 q - 3 scrolls of magic mapping {unknown}
 r - 4 scrolls of identify {unknown}
 y - a scroll of immolation {unknown}
Potions
 b - a potion of might {unknown}
 k - 2 potions of brilliance {unknown}
 m - 4 potions of lignification
 p - 3 potions of curing {unknown}
 z - a potion of magic {unknown}


   Skills:
 + Level 4.5 Fighting
 + Level 6.7 Maces & Flails
 + Level 3.6 Throwing
 + Level 5.1 Dodging
 + Level 4.1 Shields
 + Level 3.0 Spellcasting
 + Level 4.0 Translocations
 + Level 0.1 Ice Magic
 + Level 1.2 Invocations


You had 10 spell levels left.
You knew the following spells:

 Your Spells              Type           Power      Damage    Failure   Level
a - Blink                 Tloc           N/A        N/A       26%         2
b - Freeze                Ice            8%         1d3       65%         1

Your spell library contained the following spells:

 Spells                   Type           Power      Damage    Failure   Level
 Gell's Gravitas          Tloc           6%         N/A       47%         3
 Lesser Beckoning         Tloc           6%         N/A       47%         3
 Teleport Other           Tloc           12%        N/A       47%         3
 Frozen Ramparts          Ice            4%         1d2       95%         3
 Manifold Assault         Tloc           12%        N/A       99%         5
 Hailstorm                Conj/Ice       2%         3d3       100%        4


Dungeon Overview and Level Annotations

Branches:
Dungeon (6/15)             Temple (1/1) D:4

Altars:
Ashenzari
Dithmenos
Elyvilon
Fedhas
Gozag
Hepliaklqana
Kikubaaqudgha
Makhleb
Nemelex Xobeh
Okawaru
Qazlal
Ru
Sif Muna
Trog
Uskayaw
Vehumet
Wu Jian
Xom
Yredelemnul
The Shining One


Innate Abilities, Weirdness & Mutations

You can breathe blasts of fire.
Your fiery red scales are hard. (AC +6)
You cannot fit into any form of body armour.
Your flesh is heat resistant. (rF+)
You are cold-blooded and may be slowed by cold attacks.


Message History

The wight barely misses you. The wight hits you with a +0 flail.
You feel drained.
You completely miss the wight.
The wight is moderately damaged.
The wight hits you but does no damage. You block the wight's attack. x2
You closely miss the wight.
The wight is moderately damaged.
The wight closely misses you.
The wight hits you from afar with a +0 spear.
You feel drained. The wight hits you with a +0 flail!
You completely miss the wight.
The wight is moderately damaged.
The wight hits you from afar with a +0 spear.
You feel drained. The wight closely misses you.
You hit the wight but do no damage.
The wight is moderately damaged.
The wight hits you from afar with a +0 spear.
The wight closely misses you. The wight misses you.
You hit the wight but do no damage. You tail-slap the wight.
The wight is heavily damaged.
You block the wight's attack. The wight hits you but does no damage.
The wight barely misses you.
You hit the wight.
You tail-slap the wight, but do no damage.
The wight is heavily damaged.
The wight hits you from afar with a +0 spear.
You block the wight's attack.
You hit the wight.
The wight is almost destroyed.
You block the wight's attack. The wight hits you with a +0 flail!
* * * LOW HITPOINT WARNING * * *
You feel drained.
* * * LOW HITPOINT WARNING * * *
The wight closely misses you.
You barely miss the wight.
The wight is almost destroyed.
The wight hits you with a +0 flail!
* * * LOW HITPOINT WARNING * * *
You feel drained.
You die...

##....z..##......
#...............
#...............
.................
###...!...........
.....#####........ #....
..#........
#.######.#........ #
#@#.......##.....#
...#$#z#.......##.....#
.......z..#.....##.....#
#..........z...#........
#........#.....#.#.....#
#........#$....#z#.....'
#........#.....#.#.....#
#........#.....#z###.#..
#####.#.##.....#Z# #.#.#


You could see 2 wights.

Vanquished Creatures
  Eustachio (D:5)
  A water moccasin (D:6)
  Duvessa (D:4)
  2 ice beasts (D:6)
  A sky beast (D:6)
  An orc warrior (D:6)
  A black bear (D:5)
  4 ogres
  A phantom (D:6)
  3 scorpions (D:5)
  Dowan (D:4)
  A water moccasin skeleton (D:4)
  2 wights (D:6)
  A howler monkey (D:4)
  2 hounds
  A centaur skeleton (D:5)
  An orc priest (D:6)
  Ijyb (D:5)
  A scorpion zombie (D:5)
  4 adders
  A shadow imp (D:5)
  2 worms
  A dart slug (D:2)
  9 orcs
  2 bats
  2 endoplasms
  4 giant cockroaches (D:2)
  5 goblins
  7 hobgoblins
  3 jackals (D:1)
  3 quokkas
  5 ball pythons
  2 frilled lizards
  4 kobolds (D:2)
  4 rats
85 creatures vanquished.

Notes
Turn   | Place    | Note
-------+----------+-------------------------------------------
     0 | D:1      | Elvor the Draconian Warper began the quest for the Orb.
     0 | D:1      | Reached XP level 1. HP: 17/17 MP: 3/3
   160 | D:1      | Found a faded altar of an unknown god.
   488 | D:1      | Reached XP level 2. HP: 18/25 MP: 5/5
   493 | D:1      | Learned a level 2 spell: Blink
   651 | D:2      | Found a sparkling altar of Nemelex Xobeh.
   794 | D:2      | Reached XP level 3. HP: 12/30 MP: 6/6
  1110 | D:2      | Reached skill level 1 in Throwing
  1421 | D:2      | Reached XP level 4. HP: 34/37 MP: 7/7
  1564 | D:3      | Reached skill level 3 in Maces & Flails
  1744 | D:3      | Found a basalt altar of Yredelemnul.
  2256 | D:3      | Learned a level 1 spell: Freeze
  2507 | D:4      | Found a staircase to the Ecumenical Temple.
  2519 | Temple   | Entered the Ecumenical Temple
  2667 | Temple   | Became a worshipper of Warmaster Okawaru
  2877 | D:4      | Reached XP level 5. HP: 39/45 MP: 8/8
  2909 | D:4      | Noticed an ogre
  2956 | D:4      | Killed an ogre
  2957 | D:4      | Reached skill level 4 in Maces & Flails
  2957 | D:4      | Reached XP level 6. HP: 34/51 MP: 9/9
  3239 | D:4      | Noticed Duvessa
  3260 | D:4      | Noticed Dowan
  3321 | D:5      | Entered Level 5 of the Dungeon
  3632 | D:5      | Noticed Ijyb
  3654 | D:5      | Killed Ijyb
  3677 | D:5      | Reached skill level 1 in Shields
  3741 | D:5      | Reached * piety under Okawaru
  3742 | D:5      | Your scales start taking on a fiery red colour.
  3742 | D:5      | Reached XP level 7. HP: 50/57 MP: 10/10
  3742 | D:5      | Gained mutation: Your flesh is heat resistant. (rF+) [Red
                  | Draconian growth]
  3755 | D:5      | Noticed Eustachio
  3792 | D:5      | Killed Eustachio
  3793 | D:5      | Reached skill level 5 in Maces & Flails
  3990 | D:5      | Reached skill level 1 in Invocations
  3998 | D:5      | Reached ** piety under Okawaru
  4075 | D:5      | Found a shadowy altar of Dithmenos.
  4081 | D:5      | Reached XP level 8. HP: 65/66 MP: 12/12
  4199 | D:4      | Killed Duvessa
  4222 | D:4      | Killed Dowan
  4623 | D:6      | Reached skill level 6 in Maces & Flails
  4834 | D:6      | Reached *** piety under Okawaru
  4835 | D:6      | Reached skill level 5 in Dodging
  4919 | D:6      | Slain by a wight

Illustrated notes

Levels and vault maps discovered:
D:1:      dpeg_arrival_three_same_balls, layout_loops_ring,
          shapermc_ecumenical_altar_notcrosses
D:2:      layout_basic, basic_altar, minmay_misc_feat_tiny
D:3:      layout_basic, lemuel_crystal_altar, dk_vineyard_2
D:4:      layout_loops_cross, minmay_temple_entry_slanted, uniq_duvessa
D:5:      layout_rooms, grunt_dithmenos_shadows, kennysheep_generic_room_12,
          uniq_eustachio, uniq_ijyb
D:6:      layout_basic, portal_sewer_entry_a
Temple:   hc_temple_tempest_star

Skill      XL: |  1  2  3  4  5  6  7  8 |
---------------+-------------------------+-----
Throwing       | 1 2 3 |  3.6
Maces & Flails | 3 4 5 6 |  6.7
Fighting       | 3 4 |  4.5
Dodging        | 3 4 5 |  5.1
Shields        | 1 2 4 |  4.1
Invocations    | 1 |  1.2
Spellcasting   | 3 |  3.0
Translocations | 4 |  4.0
Ice Magic      | |  0.1

Action                   |  1- 3 |  4- 6 |  7- 9 || total
-------------------------+-------+-------+-------++-------
Melee: Mace              |   104 |   170 |   171 ||   445
       Tailslap          |     5 |    17 |    22 ||    44
Throw: Dart              |    15 |    16 |    30 ||    61
       Boomerang         |       |     5 |       ||     5
       Javelin           |       |     4 |       ||     4
 Cast: Blink             |       |     3 |     3 ||     6
Invok: Heroism           |       |       |     1 ||     1
 Abil: Breathe Fire      |       |       |     2 ||     2
  Use: Scroll            |       |     1 |       ||     1
       Potion            |       |     1 |       ||     1
 Stab: Sleeping          |       |     1 |       ||     1
Armor: Skin              |    33 |    49 |    34 ||   116
Dodge: Dodged            |    69 |   149 |   137 ||   355
Block: Kite shield       |       |    46 |    98 ||   144
